 Dungeon Crawl Stone Soup version 0.31-a0-145-g046c7d2549 (webtiles) character file.

Game seed: 547635683498867522

417 lessens the Cudgeller (level 7, -7/52 HPs)
             Began as a Formicid Fighter on June 6, 2023.
             Was an Initiate of Makhleb.
             Killed by divine providence
             ... invoked by an orc priest
              (13 damage)
             ... on level 4 of the Dungeon.
             The game lasted 00:03:57 (3142 turns).

lessens the Cudgeller (Formicid Fighter)            Turns: 3142, Time: 00:03:57

Health: -7/52      AC:  9    Str: 22    XL:     7   Next: 15%
Magic:  7/7        EV:  9    Int:  8    God:    Makhleb [......]
Gold:   180        SH:  5    Dex: 13    Spells: 6/6 levels left

rFire   . . .        j - +0 morningstar
rCold   . . .        c - +0 buckler
rNeg    . . .        b - +0 scale mail
rPois   .            (helmet unavailable)
rElec   .            o - +0 cloak
rCorr   .            (no gloves)
SInv    +            p - +0 pair of boots
Will    .....        (no amulet) Stlth
                     (no ring)
HPRegen 0.28/turn    (no ring)
MPRegen 0.10/turn

%: no passive effects
@: no status effects
A: permanent stasis, dig shafts and tunnels, antennae 3, four strong arms
a: Dig, Shaft Self, Renounce Religion


You were on level 4 of the Dungeon.
You worshipped Makhleb.
Makhleb was noncommittal.
You visited 1 branch of the dungeon, and saw 4 of its levels.
You also visited: Sewer.

You collected 180 gold pieces.

Inventory:

Hand Weapons
 a - a +0 flail
 j - a +0 morningstar (weapon)
Missiles
 h - 33 stones
 i - 6 poisoned darts
Armour
 b - a +0 scale mail (worn)
 c - a +0 buckler (worn)
 o - a +0 cloak (worn)
 p - a +0 pair of boots (worn)
Jewellery
 l - a ring of ice
Scrolls
 e - 2 scrolls of poison {unknown}
 g - a scroll of butterflies {unknown}
 k - a scroll of magic mapping {unknown}
 m - a scroll of immolation {unknown}
 n - 2 scrolls of identify {unknown}
 q - a scroll of enchant weapon {unknown}
 r - 3 scrolls of fog {unknown}
 s - a scroll of vulnerability {unknown}
 w - a scroll of noise {unknown}
Potions
 d - a potion of enlightenment {unknown}
 f - a potion of magic {unknown}
 t - a potion of curing {unknown}
 u - a potion of invisibility {unknown}
 v - a potion of mutation {unknown}


   Skills:
 - Level 3.2 Fighting
 + Level 7.2 Maces & Flails
 - Level 3.2 Armour
 - Level 4.0 Shields


You had 6 spell levels left.
You didn't know any spells.
Your spell library contained the following spells:

 Spells                   Type           Power      Damage    Failure   Level
 Apportation              Tloc           0%         N/A       80%         1
 Necrotise                Necr           0%         1d4       80%         1
 Summon Small Mammal      Summ           0%         N/A       80%         1


Dungeon Overview and Level Annotations

Branches:
Dungeon (4/15) Zot: 21217   Sewer (visited)
 Temple: D:4-7

Altars:
Fedhas
Kikubaaqudgha
Makhleb
Ru
Vehumet
Wu Jian
Zin


Innate Abilities, Weirdness & Mutations

You cannot be hasted, slowed, berserked, paralysed or teleported.
You can dig through walls and to a lower floor.
You have a pair of large antennae on your head. (SInv)
Your four strong arms can wield two-handed weapons with a shield.


Message History

The phantom is severely damaged.
The sleepcap releases spores at you but does no damage.
The phantom barely misses you. The phantom hits you.
The sleepcap releases spores at you.
You barely miss the phantom.
The phantom is severely damaged.
The sleepcap closely misses you.
The phantom hits you but does no damage.
You hit the phantom.
The phantom is almost destroyed.
The sleepcap barely misses you. You block the phantom's attack.
The orc priest begins to cast a cantrip, but forgets the words!
You closely miss the phantom.
The phantom is almost destroyed.
You block the sleepcap's attack. The phantom barely misses you.
You hit the phantom but do no damage.
The phantom is almost destroyed.
The sleepcap closely misses you. The phantom hits you.
* * * LOW HITPOINT WARNING * * *
You closely miss the phantom.
The phantom is severely damaged.
The sleepcap releases spores at you.
* * * LOW HITPOINT WARNING * * *
You are engulfed in a cloud of soporific spores!
You fall asleep.
The phantom hits you but does no damage.
The sleepcap releases spores at you!
You wake up.
* * * LOW HITPOINT WARNING * * *
You are engulfed in a cloud of soporific spores!
You are unaffected.
The phantom barely misses you.
Unknown command.
Unknown command.
Unknown command.
You closely miss the phantom.
The phantom is severely damaged.
You block the sleepcap's attack.
The phantom hits you but does no damage.
The orc priest calls down the wrath of Beogh upon you.
Beogh smites you!
You die...

### ... ##.# ..# #. .
..## {{#.# .. ###o. #
..#.# .#. #.Wf##.#
..#.# ....#..@)#.##)#
..#.# ......._......#
..#.# .###.#....#..##
..#.#####.# #.##...# .#
.##.......# #....###..#
.##.############......#
.#.........#####......#
#).#######.......######
.........#########


You could see a phantom, a sleepcap and an orc priest.

Vanquished Creatures
  2 black bears (D:4)
  An orc priest (D:4)
  A hell rat (Sewer)
  6 adders
  5 river rats (Sewer)
  3 worms
  A dart slug (D:3)
  4 orcs (D:4)
  7 ball pythons
  7 endoplasms
  5 giant cockroaches
  5 goblins
  4 hobgoblins
  3 jackals (D:2)
  4 quokkas
  3 bats (D:3)
  3 frilled lizards
  2 kobolds
  8 rats
74 creatures vanquished.

Notes
Turn   | Place    | Note
-------+----------+-------------------------------------------
     0 | D:1      | lessens the Formicid Fighter began the quest for the Orb.
     0 | D:1      | Reached XP level 1. HP: 18/18 MP: 1/1
   120 | D:1      | Found a faded altar of an unknown god.
   189 | D:1      | Reached XP level 2. HP: 22/24 MP: 2/2
   395 | D:1      | Reached skill level 3 in Maces & Flails
   702 | D:2      | Found a radiant altar of Vehumet.
   706 | D:2      | Reached XP level 3. HP: 28/29 MP: 3/3
  1443 | D:2      | Reached skill level 4 in Maces & Flails
  1443 | D:2      | Reached XP level 4. HP: 35/35 MP: 4/4
  1621 | D:3      | Found a blossoming altar of Fedhas.
  1623 | D:3      | Found a glowing silver altar of Zin.
  1623 | D:3      | Found an ornate altar of the Wu Jian Council.
  1625 | D:3      | Found a sacrificial altar of Ru.
  1626 | D:3      | Found an ancient bone altar of Kikubaaqudgha.
  2295 | D:4      | Reached XP level 5. HP: 39/41 MP: 5/5
  2296 | D:4      | Noticed a black bear
  2316 | D:4      | Killed a black bear
  2317 | D:4      | Reached skill level 5 in Maces & Flails
  2317 | D:4      | Reached XP level 6. HP: 42/47 MP: 6/6
  2401 | D:4      | Found a glowing drain.
  2432 | Sewer    | Entered a sewer
  2447 | Sewer    | Reached skill level 6 in Maces & Flails
  2955 | D:4      | Noticed a black bear
  2964 | D:4      | Killed a black bear
  2965 | D:4      | Reached skill level 7 in Maces & Flails
  2965 | D:4      | Reached XP level 7. HP: 33/52 MP: 7/7
  3119 | D:4      | Found a burning altar of Makhleb.
  3126 | D:4      | Became a worshipper of Makhleb the Destroyer
  3142 | D:4      | Killed from afar by an orc priest

Illustrated notes

Levels and vault maps discovered:
D:1:      dpeg_arrival_pond, layout_rooms, chequers_ecumenical_altar_island,
          minmay_heptomino_l4
D:2:      layout_loops_corners, basic_altar, kennysheep_generic_room_11
D:3:      layout_loops_ring, grunt_temple_overflow_open
D:4:      layout_basic, nicolae_overflow_crystal_walls, portal_sewer_entry_f,
          chequers_serial_rivers_room_a

Skill      XL: |  1  2  3  4  5  6 |
---------------+-------------------+-----
Maces & Flails | 3 4 5 7 |  7.2
Fighting       | |  3.2
Armour         | |  3.2
Shields        | |  4.0

Action                     |  1- 3 |  4- 6 |  7- 9 || total
---------------------------+-------+-------+-------++-------
  Melee: Flail             |    19 |       |       ||    19
         Morningstar       |    86 |   160 |    25 ||   271
Ability: Dig               |       |     1 |       ||     1
    Use: Potion            |       |     1 |       ||     1
 Armour: Scale mail        |    40 |    76 |    10 ||   126
  Dodge: Dodged            |    42 |    87 |    10 ||   139
  Block: Buckler           |    21 |    63 |    12 ||    96

Table legend: (Time is in decaauts)
 A = Elapsed time spent in this place.
 B = Non-inter-level travel time spent in this place.
 C = Inter-level travel time spent in this place.
 D = Time resting spent in this place.
 E = Time spent auto-exploring this place.
 F = Levels seen in this place.
 G = Mean time per level.
                   A        B        C        D        E       F      G
               +--------+--------+--------+--------+--------+-----+--------+
         Total |   3246 |   3193 |     53 |    332 |   2088 |   5 |  649.2 |
       Dungeon |   2781 |   2728 |     53 |      7 |   2048 |   4 |  695.2 |
         Sewer |    465 |    465 |      0 |    325 |     39 |   1 |  465.0 |
               +--------+--------+--------+--------+--------+-----+--------+

Top non-repeatable levels by time:
     D:2: 985 daAuts
     D:3: 687 daAuts
     D:1: 619 daAuts
     D:4: 488 daAuts
   Sewer: 465 daAuts

Levels and vault maps discovered:
D:1:      dpeg_arrival_pond, layout_rooms, chequers_ecumenical_altar_island,
          minmay_heptomino_l4
D:2:      layout_loops_corners, basic_altar, kennysheep_generic_room_11
D:3:      layout_loops_ring, grunt_temple_overflow_open
D:4:      layout_basic, nicolae_overflow_crystal_walls, portal_sewer_entry_f,
          chequers_serial_rivers_room_a
